 Dungeon Crawl Stone Soup version 0.27-a0-1200-g94dc6ad4cf (webtiles) character file.

Game seed: 16390373542991093362

107 freelancePsychic the Ruffian (level 4, 0/36 HPs)
             Began as a Draconian Transmuter on May 31, 2021.
             Slain by Duvessa
             ... wielding a +0 short sword of venom
              (4 damage)
             ... on level 4 of the Dungeon.
             The game lasted 00:04:53 (2693 turns).

freelancePsychic the Ruffian (Draconian Transmuter) Turns: 2693, Time: 00:04:53

Health: 0/36       AC:  2    Str: 10 (13) XL:     4   Next: 57%
Magic:  4/7        EV: 19    Int: 12 (14) God:
Gold:   113        SH:  0    Dex: 15 (16) Spells: 3/7 levels left

rFire    . . .     SeeInvis .     - Unarmed
rCold    . . .     Faith    .   (shield currently unavailable)
rNeg     . . .     Spirit   .   (armour unavailable)
rPois    x         Reflect  .   (helmet currently unavailable)
rElec    .         Harm     .   (cloak currently unavailable)
rCorr    .         Rampage  .   (gloves currently unavailable)
Will     .....                  (boots currently unavailable)
Stlth    +.........             (no amulet)
HPRegen  0.12/turn              (no ring)
MPRegen  0.10/turn              (no ring)

@: lethally poisoned (0 -> -21), spider-form (expiring), hasted, very quick
A: venomous fangs, AC +5, tiny, unfitting armour, (cold-blooded)
a: End Transformation


You were on level 4 of the Dungeon.
You were a venomous arachnid creature.
You visited 1 branch of the dungeon, and saw 4 of its levels.

You collected 113 gold pieces.

Inventory:

Missiles
 h - 2 throwing nets
Armour
 g - a +2 pair of gloves (melded)
 j - a scarf of resistance (melded)
 m - a +0 pair of boots (melded)
Magical Staves
 c - a staff of conjuration
Scrolls
 d - 5 scrolls of identify {unknown}
 f - a scroll of acquirement {unknown}
 k - a scroll of teleportation {unknown}
 l - a scroll of amnesia {unknown}
Potions
 a - a potion of haste {@q3}
 b - 2 potions of degeneration
 e - a potion of heal wounds {unknown}
 i - 2 potions of cancellation {unknown}


   Skills:
 + Level 2.2 Fighting
 + Level 2.5 Dodging
 * Level 4.1 Unarmed Combat
 - Level 2.0 Spellcasting
 - Level 2.0 Transmutations
 + Level 1.6 Poison Magic


You had 3 spell levels left.
You knew the following spells:

 Your Spells              Type           Power      Damage    Failure   Level
a - Beastly Appendage     Tmut           12%        N/A       28%         1
b - Spider Form           Tmut/Pois      2%         N/A       58%         3

Your spell library contained the following spells:

 Spells                   Type           Power      Damage    Failure   Level
 Wereblood                Tmut           6%         N/A       38%         2
 Sandblast                Erth           2%         2d4       47%         1
 Passwall                 Tmut/Erth      2%         N/A       47%         2
 Stone Arrow              Conj/Erth      2%         3d7       82%         3
 Ice Form                 Ice/Tmut       3%         N/A       96%         4
 Petrify                  Tmut/Erth      3%         N/A       96%         4
 Hydra Form               Tmut           3%         N/A       99%         5
 Lee's Rapid Deconstruct  Erth           0%         3d5*      100%        5


Dungeon Overview and Level Annotations

Branches:
Dungeon (4/15)
 Temple: D:4-7

Altars:

Annotations:
D:3 Sigmund
D:4 Duvessa


Innate Abilities, Weirdness & Mutations

You are a venomous arachnid creature.
You have poisonous fangs.
You are tiny and dextrous.
Your spellcasting is less reliable in this form.
Your armour is entirely melded.
You are incapable of wielding weapons or throwing items.
((Your plain brown scales are hard. (AC +5)))
You cannot fit into any form of body armour.
((You are cold-blooded and may be slowed by cold attacks.))


Message History

Casting: Beastly Appendage (safe; 11% risk of failure)
Confirm with . or Enter, or press ? or * to list all spells.
The spell is quite dangerous to cast (32% risk of failure)!
Continue anyway?
You turn into a venomous arachnid creature.
Your scarf of resistance melds into your body.
Your +2 pair of gloves melds into your body.
Your +0 pair of boots melds into your body.
You feel hot and cold all over.
You hit Duvessa.
Duvessa is poisoned.
Duvessa is lightly wounded.
Duvessa closely misses you.
You hit Duvessa but do no damage.
Duvessa looks as sick as possible!
Duvessa is lightly wounded.
Duvessa misses you.
You hit Duvessa but do no damage.
Duvessa looks as sick as possible!
Duvessa is lightly wounded.
Duvessa misses you.
You hit Duvessa but do no damage.
Duvessa looks as sick as possible!
Duvessa is lightly wounded.
Duvessa misses you.
You hit Duvessa.
Duvessa looks as sick as possible!
Duvessa is moderately wounded.
Your transformation is almost over.
Duvessa completely misses you.
You hit Duvessa.
Duvessa looks as sick as possible!
Duvessa is moderately wounded.
Duvessa hits you with a +0 short sword of venom!
You are lethally poisoned!
You feel extremely sick.
It was a potion of degeneration.
There was something very wrong with that liquid.
You feel weakened.
You feel dopey.
You feel clumsy.
* * * LOW HITPOINT WARNING * * *
You feel extremely sick. Duvessa completely misses you.
It was a potion of haste.
You feel yourself speed up.
* * * LOW HITPOINT WARNING * * *
You feel very sick.
Duvessa hits you with a +0 short sword of venom.
You die...

## #......#
#...##.###.##
.......#...#####
#.............+
#..####.##....#
#..........####
..###.....##
)#####...##>####
.......#.##.es.#
######..#####.....#
#..........#
####...
#..........# #
#.(........#
#..........####
#.....).......#
#.....<....##..
############


You could see Duvessa (extremely poisoned).

Vanquished Creatures
  A centaur skeleton (D:4)
  A gnoll (D:2)
  An adder (D:3)
  3 dart slugs
  4 orcs
  A ball python (D:1)
  4 endoplasms
  A giant cockroach (D:1)
  2 goblins (D:1)
  4 hobgoblins
  7 jackals
  A quokka (D:3)
  6 bats
  5 frilled lizards
  3 kobolds
  5 rats
49 creatures vanquished.

Notes
Turn   | Place    | Note
-------+----------+-------------------------------------------
     0 | D:1      | freelancePsychic the Draconian Transmuter began the quest
                  | for the Orb.
     0 | D:1      | Reached XP level 1. HP: 16/16 MP: 3/3
   311 | D:1      | Reached XP level 2. HP: 22/23 MP: 5/5
  1301 | D:2      | Reached skill level 1 in Poison Magic
  1338 | D:2      | Reached XP level 3. HP: 29/29 MP: 4/6
  1653 | D:2      | Found a faded altar of an unknown god.
  2234 | D:3      | Learned a level 3 spell: Spider Form
  2476 | D:3      | Reached XP level 4. HP: 31/36 MP: 5/7
  2581 | D:3      | Noticed Sigmund
  2604 | D:4      | Reached skill level 4 in Unarmed Combat
  2675 | D:4      | Noticed Duvessa
  2693 | D:4      | Slain by Duvessa

Illustrated notes

Levels and vault maps discovered:
D:1:      dpeg_arrival_rhombi, layout_loops_corners, minmay_hexomino_u4
D:2:      layout_loops_ring, chequers_ecumenical_altar_grove,
          cheibrodos_gnoll_hut
D:3:      layout_rooms, uniq_sigmund
D:4:      layout_rooms, nicolae_sif_muna_little_library, palyth_stone_intersect,
          uniq_duvessa, uniq_crazy_yiuf_cottage

Skill      XL: |  1  2  3  4 |
---------------+-------------+-----
Dodging        | 2 |  2.5
Poison Magic   | 1 |  1.6
Fighting       | 2 |  2.2
Unarmed Combat | 4 |  4.1
Spellcasting   | |  2.0
Transmutations | |  2.0

Action                   |  1- 3 |  4- 6 || total
-------------------------+-------+-------++-------
Melee: Unarmed           |   113 |    22 ||   135
       Tailslap          |     9 |     1 ||    10
       Kick              |    14 |     6 ||    20
       Headbutt          |     7 |     4 ||    11
       Punch             |     2 |       ||     2
 Cast: Beastly Appendage |    11 |     2 ||    13
       Spider Form       |       |     1 ||     1
  Use: Potion            |       |     2 ||     2
 Stab: Sleeping          |     1 |       ||     1
Armor: Skin              |    40 |    12 ||    52
Dodge: Dodged            |    82 |    26 ||   108

Table legend: (Time is in decaauts)
 A = Elapsed time spent in this place.
 B = Non-inter-level travel time spent in this place.
 C = Inter-level travel time spent in this place.
 D = Time resting spent in this place.
 E = Time spent auto-exploring this place.
 F = Levels seen in this place.
 G = Mean time per level.
                   A        B        C        D        E       F      G
               +--------+--------+--------+--------+--------+-----+--------+
         Total |   2685 |   2602 |     83 |     91 |   2145 |   4 |  671.2 |
       Dungeon |   2685 |   2602 |     83 |     91 |   2145 |   4 |  671.2 |
               +--------+--------+--------+--------+--------+-----+--------+

Top non-repeatable levels by time:
     D:1: 1149 daAuts
     D:2: 979 daAuts
     D:3: 455 daAuts
     D:4: 101 daAuts
